cohdb
Replays
Latest Replays
All Replays
Popular Replays
Top Player Replays
Match Explorer
How It Works
Community
CoH3 Stats
Reddit
Sign in to upload your games and track your stats! →
Sign in with Steam
Match 45721615
Unlisted
Match 45721615
Overview
Messages
Build Orders
End
Selects Italian Combined Arms Battlegroup
Selects Bersaglieri Squad
Bersaglieri Squad
250 Light Carrier
Bersaglieri Squad
Selects Bersaglieri Bolster
Construct Light Support Kompanie
Bersaglieri Squad
MG34 Team
Selects Breda Model 30 Light Machine Guns
Assault Mechanized Group
mr.Brookerr
Mr_Fox
Angrybirds
Ark Royal
0
0
Comments
sign in to comment!
No comments posted yet!